 Dungeon Crawl Stone Soup version 0.25-a0-734-g73332aeda9 (webtiles) character file.

Game seed: 238924345480558268, levelgen mode: deterministic

58494 Esekla the Carver (level 14, -1/91 HPs)
             Began as a Barachi Warper on Apr 10, 2020.
             Was a High Priest of Vehumet.
             Slain by a two-headed ogre
             ... wielding a +0 giant club
              (10 damage)
             ... on level 1 of the Orcish Mines on Apr 11, 2020.
             The game lasted 04:56:55 (18869 turns).

Esekla the Carver (Barachi Warper)                 Turns: 18869, Time: 04:56:55

Health: -1/91      AC: 12    Str: 15    XL:     14   Next: 90%
Magic:  24/33      EV: 14    Int: 22    God:    Vehumet [*****.]
Gold:   1568       SH: 13    Dex:  8    Spells: 4/32 levels left

rFire    + . .     SeeInvis .   O - +8 long sword of Fee Simple {drain, rElec Int+4}
rCold    + . .     Gourm    .   p - +1 buckler "Mawnyc Deguff" {rC+ MR+ Int+3 Dex-5}
rNeg     . . .     Faith    .   V - +0 troll leather armour
rPois    .         Spirit   .   (no helmet)
rElec    +         Reflect  +   (no cloak)
rCorr    .         Harm     .   I - +2 pair of gloves {archery}
MR       ++...     Rnd*Rage +   (no boots) Stlth +.........Rnd*Tele +
                                L - brooch of Shielding {Reflect SH+8}
HPRegen  0.65/turn              v - +4 ring of protection
MPRegen  0.23/turn              F - ring of magical power

@: about to teleport, can't hop, very slightly contaminated, hasted, quick
A: +LOS, swims, [berserk 3], fire resistance 1, frail 1[+1], low mp 1, slowness
1, teleportitis 1, evolution 1, strong legs 2
a: Hop, Renounce Religion


You were on level 1 of the Orcish Mines.
You worshipped Vehumet.
Vehumet was extremely pleased with you.
You were not hungry.

You visited 4 branches of the dungeon, and saw 20 of its levels.
You visited the Abyss 1 time.
You also visited: Bailey.

You collected 1804 gold pieces.
You spent 236 gold pieces at shops.

Inventory:

Hand Weapons
 k - a +1 rapier of protection
 A - the +4 scimitar of Wealth {drain, rElec}
   (You found it on level 1 of the Abyss)

   A truly terrible weapon, it drains the life of those it strikes.
   It insulates you from electricity.
 D - a +2 war axe of distortion
 G - a +2 glaive of pain
 N - a +0 long sword of holy wrath
 O - the +8 long sword of Fee Simple (weapon) {drain, rElec Int+4}
   (You took it off a wight on level 9 of the Dungeon)

   A truly terrible weapon, it drains the life of those it strikes.
   It affects your intelligence (+4).
   It insulates you from electricity.
Missiles
 e - 3 boomerangs of dispersal
 x - 8 curare-tipped darts
 y - 29 boomerangs (quivered)
 J - 4 javelins
 S - 17 poisoned darts
Armour
 g - a +0 helmet
 h - a +0 helmet
 p - the +1 buckler "Mawnyc Deguff" (worn) {rC+ MR+ Int+3 Dex-5}
   (You found it on level 3 of the Lair of Beasts)

   It affects your intelligence (+3).
   It affects your dexterity (-5).
   It protects you from cold.
   It affects your resistance to hostile enchantments.
 w - a +0 ring mail of poison resistance
 I - a +2 pair of gloves of archery (worn)
 P - a +2 leather armour of cold resistance
 V - a +0 troll leather armour (worn)
Jewellery
 b - an uncursed ring of fire
 v - a +4 ring of protection (left hand)
 E - an uncursed ring of poison resistance
 F - a ring of magical power (right hand)
 K - an uncursed ring of ice
 L - the brooch of Shielding (around neck) {Reflect SH+8}
   (You took it off a crimson imp on level 10 of the Dungeon)

   [amulet of reflection]

   It shields you and reflects attacks.
   It affects your SH (+8).
 M - an uncursed ring of protection from fire
 T - an uncursed ring of ice
Wands
 i - a wand of scattershot (4)
 o - a wand of iceblast (22)
 r - a wand of digging (6)
 s - a wand of flame (12)
 t - a wand of paralysis (14)
 C - a wand of disintegration (15)
Scrolls
 c - 3 scrolls of enchant weapon
 j - 3 scrolls of teleportation
 l - 11 scrolls of remove curse
 q - 3 scrolls of fog
 R - a scroll of vulnerability
 Y - 2 scrolls of magic mapping
Potions
 a - 4 potions of brilliance
 m - a potion of flight
 n - 2 potions of haste
 u - 4 potions of curing
 B - 3 potions of cancellation
 H - 2 potions of lignification
 Q - a potion of stabbing
 U - a potion of ambrosia
 X - a potion of might
 Z - a potion of resistance
Miscellaneous
 W - a tin of tremorstones
Comestibles
 f - 34 rations


   Skills:
 + Level 11.6 Fighting
 + Level 1.5(8.9) Short Blades
 + Level 14.2(14.3) Long Blades
 - Level 4.4 Throwing
 + Level 7.5 Armour
 + Level 7.9 Dodging
 * Level 5.0 Shields
 * Level 9.5 Spellcasting
 + Level 7.0 Conjurations
 + Level 3.4 Charms
 + Level 6.8 Summonings
 + Level 3.9 Translocations
 + Level 6.7 Transmutations
 + Level 5.9 Fire Magic
 * Level 3.4 Ice Magic
 + Level 6.8 Air Magic
 + Level 5.9 Poison Magic


You had 4 spell levels left.
You knew the following spells:

 Your Spells              Type           Power        Failure   Level  Hunger
a - Ignite Poison         Fire/Tmut/Pois #####...     1%          3    None
b - Blink                 Tloc           N/A          2%          2    None
c - Mephitic Cloud        Conj/Pois/Air  #####...     1%          3    None
e - Freezing Cloud        Conj/Ice/Air   #####.....   26%         6    ######.
f - Song of Slaying       Chrm           ####....     2%          2    None
i - Irradiate             Conj/Tmut      #####.....   3%          5    ####...
s - Summon Lightning Spi  Summ/Air       #####...     4%          4    ##.....
z - Ozocubu's Armour      Chrm/Ice       ####....     5%          3    None

Your spell library contained the following spells:

 Spells                   Type           Power        Failure   Level  Hunger
 Orb of Destruction       Conj           #####.....   63%         7    #######
 Beastly Appendage        Tmut           #####.       1%          1    None
 Foxfire                  Conj/Fire      ####         1%          1    None
 Infusion                 Chrm           ####         1%          1    None
 Summon Small Mammal      Summ           ####         1%          1    None
 Call Imp                 Summ           #####...     1%          2    None
 Sticks to Snakes         Tmut           #####...     1%          2    None
 Call Canine Familiar     Summ           #####...     1%          3    None
 Conjure Flame            Conj/Fire      #####...     1%          3    None
 Inner Flame              Hex/Fire       ###.....     1%          3    None
 Spider Form              Tmut/Pois      #####.....   1%          3    None
 Sticky Flame             Conj/Fire      #####...     1%          4    ##.....
 Shroud of Golubria       Chrm/Tloc      ####..       2%          2    None
 Gell's Gravitas          Tloc           ####......   4%          3    None
 Lesser Beckoning         Tloc           ####......   4%          3    None
 Teleport Other           Tloc           ####....     4%          3    None
 Summon Guardian Golem    Hex/Summ       ####....     5%          3    None
 Ice Form                 Ice/Tmut       ####....     9%          4    ##.....
 Summon Ice Beast         Ice/Summ       ####....     9%          4    ##.....
 Spectral Weapon          Hex/Chrm       ###.....     11%         3    None
 Passage of Golubria      Tloc           N/A          14%         4    ##.....
 Fireball                 Conj/Fire      #####.....   4%          5    ####...
 Blade Hands              Tmut           #####.....   13%         5    ####...


Dungeon Overview and Level Annotations

Branches:
Dungeon (12/15)            Temple (1/1) D:6            Lair (6/6) D:10
  Swamp (0/4) Lair:2       Spider (0/4) Lair:3        Slime (0/5) Lair:5
    Orc (1/2) D:9          Bailey (visited)

Altars:
Ashenzari
Cheibriados
Dithmenos
Elyvilon
Fedhas
Makhleb
Okawaru
Qazlal
Ru
Sif Muna
Trog
Uskayaw
Vehumet
Wu Jian
Yredelemnul
The Shining One
Jiyva

Shops:
D:7 *   D:9 [}(

Portals:
Trove: D:11 (give horn of Geryon)

Annotations:
D:4 3 runed translucent doors, bmj180's ghost, amateur DrCj
D:7 2 transporters, whitenoisemaker's ghost, novice DrFi
D:9 2 transporters, Ontamu's ghost, novice GnWz
Lair:1 exclusion: orange crystal statue
Lair:3 3 runed translucent doors, Laoceguss's ghost, journeyman GnAK
Lair:5 2 transporters, wvc's ghost, journeyman MiGl
Orc:1 Gastronok; Sonja


Innate Abilities, Weirdness & Mutations

You can be seen from farther away. (+LOS)
You can swim through water.
You cover ground slowly.
You can hop long distances.
Your flesh is heat resistant. (rF+)
Your magical capacity is low. (-10% MP)
You are occasionally teleported next to monsters.
You evolve.
[You have an uncontrollable temper.]
[You are very frail. (-20% HP)]


Message History

The thrashing horror tramples you!
* * * LOW HITPOINT WARNING * * *
You hold your ground!
The thrashing horror tramples you but does no damage.
The thrashing horror roars!
You block the thrashing horror's attack.
The thrashing horror barely misses you.
Okay, then.
Hop to where?
Press: ? - help, Dir - move target cursor Boing!
The thrashing horror roars!
A wretched star comes into view.
You pass through the gate.
Welcome back to the Orcish Mines!
Level annotation: Gastronok; Sonja Sonja gestures wildly while chanting.
Sonja blinks!
The two-headed ogre hits you with a +0 giant club!
You die...

. .#.#..... ....
##. .((.....#.#..
#..##......#..$##
...........(.....
#................
#.............ยง.
##.......>.......
#........).......
#.....[@[$......
#......OO...#...
##..............
##.............
#..............
#...#...$...$...
##.####.......#.
## ....#..##
#.######


You could see 2 two-headed ogres.

Vanquished Creatures
  Rupert (Lair:4)
  An entropy weaver (Lair:6)
  5 hydras
  Harold (D:10)
  A dancing weapon (Abyss:4)
  A two-headed ogre (D:9)
  A thrashing horror (Abyss:4)
  A queen ant (Lair:6)
  Urug (D:10)
  3 unseen horrors
  An ugly thing (D:11)
  2 manticores
  4 elephants (Lair:4)
  7 black mambas
  22 spiny frogs
  2 rime drakes
  3 komodo dragons
  A kobold demonologist (D:10)
  An ancient zyme (Abyss:4)
  A queen bee (Lair:1)
  2 polar bears (Lair:6)
  2 trolls (D:11)
  10 tyrant leeches
  A hornet (D:9)
  13 blink frogs
  6 hippogriffs
  A shadow (D:11)
  A human (D:7)
  A wraith (D:10)
  32 yaks
  3 hogs (D:6)
  3 basilisks
  6 vampire mosquitoes
  A steam dragon (D:10)
  21 soldier ants
  13 water moccasins
  13 porcupines
  A hornet zombie (D:9)
  5 ice beasts
  An eye of draining (D:10)
  8 orc warriors
  4 black bears
  2 sky beasts
  2 necrophages
  28 wolves (Lair:3)
  9 ogres
  9 centaurs
  5 crocodiles
  6 big kobolds (D:10)
  A gnoll sergeant (D:9)
  29 bullfrogs
  A wyvern skeleton (D:11)
  2 scorpions
  24 killer bees
  5 wights (D:9)
  A small abomination (Abyss:3)
  5 crimson imps
  7 howler monkeys
  A bullfrog zombie (D:10)
  3 centaur zombies
  3 hounds
  2 orc priests
  3 jellies
  14 orc wizards
  2 bullfrog skeletons
  Ijyb (D:4)
  3 iguanas (D:8)
  22 worker ants
  A hound zombie (D:5)
  2 hound skeletons
  A howler monkey zombie (D:9)
  10 gnolls
  7 adders
  A howler monkey skeleton (D:8)
  A river rat (D:3)
  3 shadow imps
  2 oozes
  An adder skeleton (D:9)
  2 adder zombies (D:6)
  2 worms (D:3)
  6 leopard geckos
  32 orcs
  9 bats
  13 giant cockroaches
  7 goblins
  8 hobgoblins
  7 jackals
  4 quokkas
  2 ball pythons
  3 frilled lizards
  A jackal zombie (D:5)
  23 kobolds
  6 rats
  A fungus (Lair:6)
  2 plants (Lair:6)
555 creatures vanquished.

Vanquished Creatures (collateral kills)
  A lich (Abyss:3)
  A hydra (Lair:4)
  2 two-headed ogres (D:9)
  4 spiny frogs
  A komodo dragon (Lair:6)
  A polar bear (Lair:4)
  5 blink frogs (Lair:6)
  4 yaks
  6 soldier ants (Lair:6)
  A swamp worm (Lair:2)
  2 water moccasins
  3 wolves (Lair:3)
  A small abomination (Abyss:3)
  4 bullfrogs (Lair:6)
  5 killer bees (Lair:1)
  2 lava snakes (Lair:1)
  2 worker ants (Lair:6)
  2 plants (Lair:6)
47 creatures vanquished.

Vanquished Creatures (others)
  An entropy weaver (Lair:6)
  57 fungi
  86 plants
144 creatures vanquished.

Grand Total: 746 creatures vanquished

Notes
Turn   | Place    | Note
-------+----------+-------------------------------------------
     0 | D:1      | Esekla the Barachi Warper began the quest for the Orb.
     0 | D:1      | Reached XP level 1. HP: 17/17 MP: 3/3
   124 | D:1      | Reached XP level 2. HP: 11/23 MP: 5/5
   309 | D:1      | Reached skill level 3 in Long Blades
   354 | D:1      | Learned a level 2 spell: Shroud of Golubria
   357 | D:1      | Learned a level 2 spell: Blink
   798 | D:2      | Reached XP level 3. HP: 25/28 MP: 6/6
   958 | D:3      | Noticed an ogre
  1030 | D:3      | Found a blossoming altar of Fedhas.
  1150 | D:3      | Reached XP level 4. HP: 27/35 MP: 7/7
  1221 | D:3      | Reached skill level 4 in Long Blades
  1392 | D:3      | Found an ornate altar of the Wu Jian Council.
  1392 | D:3      | Found a radiant altar of Vehumet.
  1411 | D:3      | Killed an ogre
  1411 | D:3      | Reached skill level 1 in Charms
  1411 | D:3      | Reached XP level 5. HP: 42/42 MP: 8/8
  1421 | D:3      | Found a glowing golden altar of the Shining One.
  1421 | D:3      | Found a basalt altar of Yredelemnul.
  1421 | D:3      | Found a shattered altar of Ashenzari.
  1430 | D:3      | Became a worshipper of Vehumet
  1446 | D:3      | Found a sacrificial altar of Ru.
  1495 | D:3      | Found a glowing drain.
  1913 | D:4      | Reached XP level 6. HP: 26/48 MP: 3/9
  2043 | D:4      | Found a runed translucent gate.
  2044 | D:4      | Found a runed translucent gate.
  2044 | D:4      | Noticed bmj180's ghost (amateur DrCj)
  2077 | D:4      | Found a runed translucent gate.
  2092 | D:4      | Found a snail-covered altar of Cheibriados.
  2163 | D:4      | Noticed Ijyb
  2178 | D:4      | Reached skill level 10 in Long Blades
  2178 | D:4      | Reached XP level 7. HP: 17/64 MP: 8/10
  2186 | D:4      | Killed Ijyb
  2186 | D:4      | Reached skill level 1 in Short Blades
  2591 | D:5      | Entered Level 5 of the Dungeon
  3395 | D:5      | Reached XP level 8. HP: 72/72 MP: 6/11
  3705 | D:6      | Reached skill level 10 in Fighting
  3711 | D:6      | Found a staircase to the Ecumenical Temple.
  3720 | D:6      | Reached * piety under Vehumet
  3720 | D:6      | Offered knowledge of Foxfire by Vehumet.
  3795 | Temple   | Entered the Ecumenical Temple
  4653 | D:7      | Noticed a yak
  4674 | D:6      | Reached XP level 9. HP: 46/78 MP: 13/13
  4682 | D:6      | Reached skill level 11 in Long Blades
  4970 | D:7      | Found a transporter.
  4973 | D:7      | Noticed whitenoisemaker's ghost (novice DrFi)
  4982 | D:7      | Found a transporter.
  4999 | D:7      | Found a bloodstained altar of Trog.
  5054 | D:7      | Got a smoking robe
  5073 | D:7      | Found a basalt altar of Yredelemnul.
  5120 | D:7      | Identified the +0 robe of the Gate {-Tele rF+ rCorr Stlth+}
                  | (You found it on level 7 of the Dungeon)
  5472 | D:7      | Offered knowledge of Shock by Vehumet.
  5479 | D:7      | Learned a level 1 spell: Shock
  5646 | D:7      | Found Soneemub's General Store.
  5664 | D:7      | Reached ** piety under Vehumet
  6029 | D:8      | Offered knowledge of Mephitic Cloud by Vehumet.
  6030 | D:8      | Found a snail-covered altar of Cheibriados.
  6034 | D:8      | Found a flagged portal.
  6057 | D:8      | Learned a level 3 spell: Mephitic Cloud
  6207 | Bailey   | Entered a bailey
  6354 | Bailey   | Reached *** piety under Vehumet
  6447 | Bailey   | Reached XP level 10. HP: 85/85 MP: 15/15
  6483 | Bailey   | Found a burning altar of Makhleb.
  6534 | Bailey   | Reached skill level 1 in Conjurations
  6534 | Bailey   | Reached skill level 1 in Air Magic
  6685 | D:8      | Reached skill level 1 in Poison Magic
  6781 | D:7      | Bought a +2 pair of gloves of archery for 236 gold pieces
  6866 | D:8      | Reached skill level 12 in Long Blades
  6898 | D:8      | Offered knowledge of Ignite Poison by Vehumet.
  7234 | D:8      | Learned a level 3 spell: Ignite Poison
  7253 | D:9      | Found Gorrirus's Antique Armour Boutique.
  7631 | D:9      | Found Pistridocs's Antique Weapon Shoppe.
  7652 | D:9      | Found a transporter.
  7653 | D:9      | Noticed Ontamu's ghost (novice GnWz)
  7656 | D:9      | Identified the +5 great mace "Niet" {drain, rElec Int+6}
  7656 | D:9      | Identified the +5 great mace "Loussiyng" {vorpal, +Inv rN+}
  7656 | D:9      | Noticed a two-headed ogre
  7661 | D:9      | Found a transporter.
  7949 | D:9      | Found Puosenupt's Gadget Emporium.
  8187 | D:9      | Identified the +8 long sword of Fee Simple {drain, rElec
                  | Int+4}
  8191 | D:9      | Reached **** piety under Vehumet
  8223 | D:9      | Offered knowledge of Irradiate by Vehumet.
  8231 | D:9      | Learned a level 5 spell: Irradiate
  8309 | D:9      | Found an iron altar of Okawaru.
  8435 | D:9      | Found a staircase to the Orcish Mines.
  8551 | D:10     | Entered Level 10 of the Dungeon
  8822 | D:10     | Reached XP level 11. HP: 61/91 MP: 17/17
  8967 | D:10     | Reached skill level 1 in Transmutations
  9105 | D:10     | Reached skill level 1 in Fire Magic
  9124 | D:10     | Noticed a manticore
  9134 | D:10     | Killed a manticore
  9282 | D:10     | Noticed Urug
  9294 | D:10     | Killed Urug
  9294 | D:10     | Reached ***** piety under Vehumet
  9315 | D:10     | Offered knowledge of Spellforged Servitor by Vehumet.
  9377 | D:10     | Killed an unseen horror
  9377 | D:10     | Reached skill level 5 in Spellcasting
  9480 | D:10     | Killed an unseen horror
  9489 | D:10     | Found a staircase to the Lair.
  9528 | D:10     | Noticed Harold
  9540 | D:10     | Killed Harold
  9765 | D:10     | Reached skill level 13 in Long Blades
  9777 | D:10     | Learned a level 4 spell: Summon Lightning Spire
  9794 | D:11     | Found a portal to a secret trove of treasure.
  9996 | D:11     | Noticed a red ugly thing
 10011 | D:11     | Killed a red ugly thing
 10011 | D:11     | Reached XP level 12. HP: 99/99 MP: 20/20
 10147 | D:11     | Found a basalt altar of Yredelemnul.
 10248 | D:11     | You fall into a shaft and drop 1 floor!
 10286 | D:12     | Offered knowledge of Fireball by Vehumet.
 10323 | D:11     | Noticed a seven-headed hydra
 10337 | D:11     | Killed a seven-headed hydra
 10443 | D:11     | Learned a level 5 spell: Fireball
 10538 | D:11     | Reached skill level 1 in Summonings
 10992 | Lair:1   | Entered Level 1 of the Lair of Beasts
 11006 | Lair:1   | Reached skill level 5 in Conjurations
 11114 | Lair:1   | Reached skill level 5 in Transmutations
 12031 | Lair:1   | Gained mutation: You can hop long distances. [Barachi
                  | growth]
 12031 | Lair:1   | Reached XP level 13. HP: 106/106 MP: 23/23
 12718 | Lair:2   | Reached skill level 5 in Air Magic
 12870 | Lair:2   | Reached ****** piety under Vehumet
 12870 | Lair:2   | Offered knowledge of Bolt of Magma by Vehumet.
 12974 | Lair:2   | Found a staircase to the Swamp.
 13549 | Lair:3   | Found a hole to the Spider Nest.
 13932 | Lair:3   | Gained mutation: [You are frail. (-10% HP)] [potion of
                  | mutation]
 13932 | Lair:3   | Gained mutation: You evolve. [potion of mutation]
 13932 | Lair:3   | Gained mutation: You are occasionally teleported next to
                  | monsters. [potion of mutation]
 13932 | Lair:3   | Gained mutation: Your flesh is heat resistant. (rF+)
                  | [potion of mutation]
 13984 | Lair:3   | Noticed Laoceguss's ghost (journeyman GnAK)
 14006 | Lair:3   | Found a runed translucent gate.
 14006 | Lair:3   | Found a runed translucent gate.
 14006 | Lair:3   | Found a runed translucent gate.
 14197 | Lair:3   | Gained mutation: You have a pair of small horns on your
                  | head. [evolution]
 14221 | Lair:3   | Got a smoking buckler
 14227 | Lair:3   | Identified the +1 buckler "Mawnyc Deguff" {rC+ MR+ Int+3
                  | Dex-5} (You found it on level 3 of the Lair of Beasts)
 14592 | Lair:4   | Noticed Rupert
 14594 | Lair:4   | Offered knowledge of Freezing Cloud by Vehumet.
 14594 | Lair:4   | Reached skill level 1 in Shields
 14597 | Lair:4   | Reached skill level 14 in Long Blades
 14597 | Lair:4   | Reached skill level 5 in Fire Magic
 14803 | Lair:4   | Paralysed by Rupert for 3 turns
 14812 | Lair:4   | Killed Rupert
 14812 | Lair:4   | Reached skill level 5 in Poison Magic
 14846 | Lair:4   | Reached skill level 5 in Summonings
 15627 | Lair:5   | Noticed wvc's ghost (journeyman MiGl)
 15629 | Lair:5   | Found a transporter.
 15634 | Lair:5   | Found a transporter.
 15708 | Lair:5   | Found a staircase to the Slime Pits.
 15708 | Lair:5   | Found a viscous altar of Jiyva.
 15957 | Lair:5   | Learned a level 6 spell: Freezing Cloud
 16246 | Lair:6   | Entered Level 6 of the Lair of Beasts
 16260 | Lair:6   | Learned a level 2 spell: Song of Slaying
 16292 | Lair:6   | Reached XP level 14. HP: 55/101 MP: 25/25
 16473 | Lair:5   | Learned a level 3 spell: Ozocubu's Armour
 17133 | Lair:6   | Reached skill level 1 in Ice Magic
 17162 | Lair:6   | Noticed an entropy weaver
 17163 | Lair:6   | Noticed an entropy weaver
 17223 | Lair:6   | Killed an entropy weaver
 17353 | Lair:6   | Offered knowledge of Orb of Destruction by Vehumet.
 17393 | Lair:6   | Killed an entropy weaver
 18419 | Orc:1    | Entered Level 1 of the Orcish Mines
 18419 | Orc:1    | Noticed Gastronok
 18419 | Orc:1    | Noticed Sonja
 18525 | Orc:1    | Cast into level 1 of the Abyss (Sonja)
 18529 | Abyss:1  | Noticed a bone dragon
 18530 | Abyss:1  | Got a shimmering scimitar
 18531 | Abyss:1  | Identified the +4 scimitar of Wealth {drain, rElec} (You
                  | found it on level 1 of the Abyss)
 18578 | Abyss:3  | Noticed a lich
 18590 | Abyss:3  | Killed a lich
 18606 | Abyss:3  | Reached skill level 5 in Shields
 18661 | Abyss:3  | Found a corrupted altar of Lugonu.
 18663 | Abyss:3  | Noticed an angel
 18676 | Abyss:3  | Noticed a balrug
 18680 | Abyss:3  | Found a corrupted altar of Lugonu.
 18796 | Abyss:4  | Lost mutation: You have a pair of small horns on your head.
                  | [potion of mutation]
 18796 | Abyss:4  | Lost mutation: Your flesh is heat resistant. (rF+) [potion
                  | of mutation]
 18796 | Abyss:4  | Gained mutation: Your magical capacity is low. (-10% MP)
                  | [potion of mutation]
 18796 | Abyss:4  | Gained mutation: Your flesh is heat resistant. (rF+)
                  | [potion of mutation]
 18824 | Abyss:4  | Noticed a starcursed mass
 18859 | Abyss:4  | Noticed a starcursed mass
 18869 | Orc:1    | Escaped the Abyss
 18869 | Orc:1    | Slain by a two-headed ogre

Levels and vault maps discovered:
D:1:      minmay_arrival_loop, layout_basic
D:2:      layout_loops_ring, first_ration, grunt_ministairs_7,
          hangedman_decor_peaks_small, corexii_corridor_pit,
          minmay_misc_feat_four_crosses
D:3:      layout_rooms, lemuel_crystal_altar, old_standard_altar,
          grunt_temple_overflow_open, portal_sewer_entry_b, kennysheep_potato
D:4:      layout_cave_pools, nicolae_overflow_hidden_temple,
          ebering_ghost_rock_garden, minivault_1, uniq_ijyb
D:5:      layout_loops_corners
D:6:      layout_layer_cave, minmay_temple_entry_arrows
D:7:      layout_basic, trog_ov_bears_minmay, serial_shops, shop,
          gammafunk_ghost_smash, minivault_27, grunt_livestock,
          yredelemnul_altar_generic
D:8:      layout_loops_cross, enter_bailey_2, cheibriados_altar_1
D:9:      layout_roguey, orc_0_dummy, serial_shops, nicolae_shop_behind_doors,
          nicolae_shop_behind_doors, shop, gammafunk_ghost_smash,
          okawaru_metal_pillars_1_2
D:10:     layout_loops_ring, due_lair_maze_entry_diamond, special_room
          [special_room_kobold], uniq_urug, uniq_harold
D:11:     layout_stronghold, enter_trove_2, basic_altar
D:12:     layout_basic, uniq_maurice
Temple:   cyrus_circular_temple
Lair:1:   layout_roguey [special_room_bee], serial_rivers,
          chequers_serial_rivers_micro_c, chequers_serial_rivers_micro_d,
          chequers_serial_rivers_micro_d, chequers_serial_rivers_marsh,
          chequers_serial_rivers_marsh, chequers_serial_rivers_large_a,
          disabler_island
Lair:2:   layout_cave_pods, minmay_swamp_entry_worms
Lair:3:   layout_cave_pods, dummy_spider_entry, gammafunk_ghost_icy,
          grunt_forest_large_clearings
Lair:4:   layout_long_grid, chequers_serial_rivers_marsh, uniq_rupert
Lair:5:   layout_cave_pods, slime_altar_1, gammafunk_ghost_arena
Lair:6:   minmay_lair_end_frog_pond, layout_cave_shapes, minivault_29
Orc:1:    layout_caves, serial_shops, shop, mines2_lemuel, uniq_gastronok,
          uniq_sonja

Skill      XL: |  1  2  3  4  5  6  7  8  9 10 11 12 13 14 |
---------------+-------------------------------------------+-----
Long Blades    | 3 4 10 11 12 13 14 | 14.2
Fighting       | 3 4 9 10 11 | 11.6
Charms         | 1 2 3 |  3.4
Armour         | 6 7 |  7.5
Dodging        | 6 7 |  7.9
Short Blades   | 1 |  1.5
Spellcasting   | 3 4 5 6 7 9 |  9.5
Conjurations   | 2 4 6 7 |  7.0
Air Magic      | 2 3 4 5 6 |  6.8
Poison Magic   | 2 4 5 |  5.9
Transmutations | 3 5 6 |  6.7
Fire Magic     | 2 4 5 |  5.9
Throwing       | 2 3 4 |  4.4
Summonings     | 3 5 6 |  6.8
Shields        | 2 5 |  5.0
Ice Magic      | 3 |  3.4
Translocations | |  3.9

Action                   |  1- 3 |  4- 6 |  7- 9 | 10-12 | 13-15 || total
-------------------------+-------+-------+-------+-------+-------++-------
Melee: Falchion          |   112 |    94 |   425 |   230 |       ||   861
       Rapier            |       |    51 |       |     3 |    13 ||    67
       Long sword        |       |       |       |   308 |   480 ||   788
       Glaive            |       |       |       |    28 |       ||    28
       Headbutt          |       |       |       |       |    46 ||    46
Throw: Boomerang         |       |     2 |    46 |   109 |   176 ||   333
       Dart              |       |       |     7 |     5 |    49 ||    61
 Cast: Shroud of Golubri |     5 |     9 |    21 |     8 |       ||    43
       Blink             |     1 |       |       |     4 |     9 ||    14
       Mephitic Cloud    |       |       |       |    68 |    48 ||   116
       Ignite Poison     |       |       |       |    43 |    28 ||    71
       Shock             |       |       |       |     7 |       ||     7
       Summon Lightning  |       |       |       |     6 |    54 ||    60
       Fireball          |       |       |       |       |     1 ||     1
       Ozocubu's Armour  |       |       |       |       |    18 ||    18
       Irradiate         |       |       |       |       |    10 ||    10
       Song of Slaying   |       |       |       |       |     4 ||     4
 Abil: Hop               |     2 |       |     4 |     1 |     7 ||    14
Evoke: Wand              |       |       |     3 |       |     2 ||     5
       Tin of tremorston |       |       |       |       |     1 ||     1
  Use: Scroll            |       |     3 |     9 |     1 |    24 ||    37
       Potion            |       |     1 |       |     1 |    10 ||    12
 Stab: Confused          |       |       |       |    15 |     5 ||    20
       Distracted        |       |       |       |     1 |     5 ||     6
  Eat: Chunk             |     1 |     5 |    14 |    21 |    16 ||    57
       Ration            |       |       |     1 |     2 |     5 ||     8
Armor: Leather armour    |    31 |    43 |     1 |       |       ||    75
       Ring mail         |       |       |   149 |   169 |       ||   318
       Troll leather arm |       |       |       |    22 |   130 ||   152
Dodge: Dodged            |   105 |   104 |   207 |   304 |   242 ||   962
Block: Buckler           |       |       |       |       |   178 ||   178
       Reflection        |       |       |       |       |     8 ||     8
       Rpst.: Falchion   |    32 |    23 |    60 |    39 |       ||   154
       Long sword        |       |       |       |    53 |    58 ||   111

Table legend:
 A = Non-vault XP
 B = Vault XP
 C = Vault XP percentage of total XP
 D = Non-vault monster count
 E = Vault monster count
 F = Vault count percentage of total count
                 A         B        C        D         E       F
            +---------+---------+-------+---------+---------+-------
      Total |   49999 |   33257 |  39.9 |     380 |     218 |  36.5
            +---------+---------+-------+---------+---------+-------
        D:1 |      31 |       0 |   0.0 |      16 |       0 |   0.0
        D:2 |      42 |       5 |  10.6 |      12 |       2 |  14.3
        D:3 |     162 |      34 |  17.3 |      22 |      10 |  31.2
        D:4 |      59 |      38 |  39.2 |       8 |       1 |  11.1
        D:5 |     794 |       0 |   0.0 |      16 |       0 |   0.0
        D:6 |     905 |     788 |  46.5 |      15 |       4 |  21.1
        D:7 |     464 |     470 |  50.3 |      20 |       3 |  13.0
        D:8 |    1439 |       0 |   0.0 |      35 |       0 |   0.0
        D:9 |    4289 |       0 |   0.0 |      36 |       0 |   0.0
       D:10 |    5400 |    3902 |  41.9 |      37 |      27 |  42.2
       D:11 |    6163 |       0 |   0.0 |      35 |       0 |   0.0
       D:12 |     603 |       0 |   0.0 |       3 |       0 |   0.0
     Lair:1 |    6153 |    1623 |  20.9 |      33 |      28 |  45.9
     Lair:2 |    3555 |    1334 |  27.3 |      14 |       6 |  30.0
     Lair:3 |    3893 |    1945 |  33.3 |      26 |      21 |  44.7
     Lair:4 |    4089 |    2486 |  37.8 |      12 |       1 |   7.7
     Lair:5 |    2455 |    2314 |  48.5 |       9 |      11 |  55.0
     Lair:6 |    5930 |   16998 |  74.1 |      22 |      87 |  79.8
      Orc:1 |     183 |       0 |   0.0 |       4 |       0 |   0.0
    Abyss:3 |    2293 |       0 |   0.0 |       3 |       0 |   0.0
    Abyss:4 |    1097 |     904 |  45.2 |       2 |       1 |  33.3
     Bailey |       0 |     416 | 100.0 |       0 |      16 | 100.0
            +---------+---------+-------+---------+---------+-------
